 Dungeon Crawl Stone Soup version 0.22.0-38-g04b72b8c25 (webtiles) character file.

132 Freyura the Cudgeler (level 5, 0/34 HPs)
             Began as a Gargoyle Monk on Aug 29, 2018.
             Slain by an orc wizard
             ... wielding a +0 dagger
              (3 damage)
             ... on level 3 of the Dungeon.
             The game lasted 00:04:31 (2029 turns).

Freyura the Cudgeler (Gargoyle Monk)                Turns: 2029, Time: 00:04:31

Health: 0/34       AC:  7    Str: 15    XL:     5   Next: 15%
Magic:  5/5        EV: 12    Int: 10    God:
Gold:   101        SH:  0    Dex: 13    Spells: 4/4 levels left

rFire    x . .     SeeInvis .   g - +0 whip
rCold    + . .     Gourm    .   (no shield)
rNeg     + . .     Faith    .   l - +0 leather armour
rPois    ∞         Spirit   .   (no helmet)
rElec    +         Reflect  .   (no cloak)
rCorr    .         Harm     .   (no gloves)
MR       .....                  (no boots)
Stlth    ++........             (no amulet)
HPRegen  0.11/turn              n - ring of ice
MPRegen  0.09/turn              (no ring)

@: slowed, very slow
A: negative energy resistance 1, electricity resistance, unbreathing,
petrification resistance, rot immunity, AC +4
a: no special abilities


You were on level 3 of the Dungeon.
You were hungry.

You visited 1 branch of the dungeon, and saw 3 of its levels.

You collected 101 gold pieces.

Inventory:

Hand Weapons
 a - a +0 mace
 g - a +0 whip (weapon)
Armour
 l - a +0 leather armour (worn)
Jewellery
 n - a ring of ice (left hand)
Wands
 p - a wand of polymorph (7)
Scrolls
 c - a scroll of immolation {unknown}
 e - 2 scrolls of remove curse {unknown}
 h - a scroll of enchant weapon {unknown}
 j - a scroll of blinking {unknown}
 k - 2 scrolls of identify {unknown}
 m - 4 scrolls of teleportation {unknown}
 r - a scroll of fog {unknown}
Potions
 b - a potion of mutation {unknown}
 d - a potion of invisibility {unknown}
 f - a potion of resistance {unknown}
 o - a potion of heal wounds {unknown}
 q - a potion of lignification {unknown}
Comestibles
 i - 2 rations


   Skills:
 + Level 4.4 Fighting
 * Level 5.0 Maces & Flails
 - Level 2.4 Dodging
 - Level 2.1 Stealth


You had 4 spell levels left.
You didn't know any spells.
Your spell library was empty.

Dungeon Overview and Level Annotations

Branches:
Dungeon (3/15)

Altars:


Innate Abilities, Weirdness & Mutations

You are resistant to torment.
Your stone body is resilient. (AC +4)
You are immune to poison.
You resist negative energy. (rN+)
You are resistant to electric shocks. (rElec)
You can survive without breathing.
You are immune to petrification.
You are immune to rotting.


Message History

The orc wizard blinks!
You barely miss the orc.
The orc is heavily wounded.
The orc closely misses you. The orc barely misses you.
You hit the orc.
The orc is severely wounded.
The orc barely misses you. The orc wizard casts a spell at you.
You resist with some effort.
You hit the orc.
You kill the orc!
Your Maces & Flails skill increases to level 5!
An orc priest comes into view.
The orc priest shouts!
You hit something. Something hits you.
The orc priest invokes the aid of Beogh against you.
Beogh smites you!
* * * LOW HITPOINT WARNING * * *
You miss something. Something hits you.
You die...

## .# .# .# .#
#########
.#########...o...#
..)............#@#
...........###.#{#
..########## #.#o#
..# #.#.# ..##
#.#.o ...# #.###
..#.# #.# ##)## .#


You could see an orc priest, an orc wizard and an orc.

Vanquished Creatures
  3 gnolls (D:2)
  3 adders
  3 worms (D:3)
  3 dart slugs
  4 leopard geckos
  An orc (D:3)
  A ball python (D:1)
  8 bats
  5 giant cockroaches
  3 goblins
  10 hobgoblins
  2 jackals (D:3)
  2 frilled lizards (D:1)
  4 kobolds
  8 rats
60 creatures vanquished.

Notes
Turn   | Place    | Note
-------+----------+-------------------------------------------
     0 | D:1      | Freyura the Gargoyle Monk began the quest for the Orb.
     0 | D:1      | Reached XP level 1. HP: 14/14 MP: 1/1
   115 | D:1      | Reached XP level 2. HP: 17/19 MP: 2/2
   584 | D:1      | Reached XP level 3. HP: 20/24 MP: 3/3
   910 | D:2      | Reached skill level 4 in Maces & Flails
   922 | D:2      | Reached XP level 4. HP: 17/29 MP: 4/4
  1926 | D:3      | Reached XP level 5. HP: 27/34 MP: 5/5
  2027 | D:3      | Reached skill level 5 in Maces & Flails
  2029 | D:3      | Slain by an orc wizard

Skill      XL: |  1  2  3  4  5 |
---------------+----------------+-----
Maces & Flails | 4 5 |  5.0
Fighting       | 4 |  4.4
Dodging        | |  2.4
Stealth        | |  2.1

Action                   |  1- 3 |  4- 6 || total
-------------------------+-------+-------++-------
Melee: Mace              |    86 |     6 ||    92
       Whip              |       |   169 ||   169
 Stab: Sleeping          |     3 |     4 ||     7
  Eat: Ration            |       |     1 ||     1
Armor: Robe              |    30 |    30 ||    60
       Leather armour    |       |    15 ||    15
Dodge: Dodged            |    60 |   114 ||   174
